 Dungeon Crawl Stone Soup version 0.30-a0-142-g7370640ec8 (webtiles) character file.

Game seed: 9054861980305237649

5677 qw the Cleaver (level 10, -9/63 HPs)
             Began as a Gargoyle Fighter on Sept 25, 2022.
             Mangled by a tentacled starspawn (26 damage)
             ... on level 1 of the Abyss.
             The game lasted 00:03:49 (8801 turns).

qw the Cleaver (Gargoyle Fighter)                   Turns: 8801, Time: 00:03:49

Health: -9/63      AC: 16    Str: 21    XL:     10   Next: 75%
Magic:  7/7        EV:  5    Int:  4    God:
Gold:   653        SH: 16    Dex:  5    Spells: 9/9 levels left

rFire   + . .      SeeInvis .    o - +7 hand axe of the King {vamp, rN++}
rCold   + . .      Faith    .    a - +2 kite shield
rNeg    + + +      Spirit   .    b - +0 plate armour
rPois   inf        Reflect  +    (no helmet)
rElec   +          Harm     .    h - scarf {rC+ rF+}
rCorr   .          Rampage  .    (no gloves)
Will    +....                    n - +0 pair of boots
Stlth   ..........               r - amulet of reflection
HPRegen 0.00/turn                p - ring of willpower
MPRegen 0.10/turn                (no ring)

@: inhibited regen
A: sickness immunity, AC +7, negative energy resistance 1, electricity
resistance, torment resistance 1, petrification resistance, [clumsy 2],
[deformed body], [dopey 2], [low MP 3], [screaming 2], [inhibited regeneration],
[weak 2], [no potion heal 2]
a: no special abilities


You were on level 1 of the Abyss.
You visited 1 branch of the dungeon, and saw 9 of its levels.
You visited the Abyss 1 time.
You also visited: Ossuary.

You collected 695 gold pieces.
You spent 42 gold pieces at shops.


Innate Abilities, Weirdness & Mutations

You are immune to sickness and miasma.
Your stone body is resilient. (AC +7)
You are immune to poison.
You resist negative energy. (rN+)
You are resistant to electric shocks. (rElec)
You are resistant to unholy torment.
You are immune to petrification.
[You are very clumsy. (Dex -4)]
[Armour fits poorly on your strangely shaped body.]
[You are very dopey. (Int -4)]
[Your magical capacity is extremely low. (-30% MP)]
[You frequently scream uncontrollably at your foes.]
[You do not regenerate when monsters are visible.]
[You are very weak. (Str -4)]
[Potions cannot restore your health.]


   Skills:
 + Level 7.3 Fighting
 - Level 10.0 Axes
 - Level 1.3 Throwing
 - Level 6.8 Armour
 - Level 2.0 Dodging
 - Level 9.1 Shields


You had 9 spell levels left.
You didn't know any spells.
Your spell library was empty.

Inventory:

Hand Weapons
 o - the +7 hand axe of the King (weapon) {vamp, rN++}
   (You found it on level 2 of the Dungeon)

   It occasionally heals its wielder for a portion of the damage dealt when it
   wounds a living foe.
   rN:        It greatly protects you from negative energy.
 q - a +0 flail of protection
 t - a +0 vorpal war axe
Missiles
 e - 4 boomerangs (quivered)
Armour
 a - a +2 kite shield (worn)
 b - a +0 plate armour (worn)
 h - a scarf of resistance (worn)
 n - a +0 pair of boots (worn)
Jewellery
 p - a ring of willpower (left hand)
 r - an amulet of reflection (around neck)
Scrolls
 g - 9 scrolls of identify
Potions
 c - a potion of cancellation
 d - 6 potions of might
 f - 2 potions of haste
 i - 5 potions of curing
 j - a potion of resistance
 l - a potion of heal wounds
 m - 3 potions of lignification

Dungeon Overview and Level Annotations

Branches:
Dungeon (9/15)             Temple (0/1) D:5            Lair (0/5) D:8
Ossuary (visited)
    Orc: D:9-12

Altars:
Yredelemnul

Shops:
D:1 !:*?

Annotations:
D:9 Erolcha


Message History

You slash the starspawn tentacle!
The starspawn tentacle is heavily damaged.
The starspawn tentacle constricts you.
You hit the starspawn tentacle but do no damage.
The starspawn tentacle is heavily damaged.
You barely miss the tentacled starspawn.
The starspawn tentacle loses its grip on you.
You block the tentacled starspawn's attack. x2
The starspawn tentacle barely misses you.
You hit the starspawn tentacle but do no damage.
The starspawn tentacle is heavily damaged.
You hit the tentacled starspawn.
You block the starspawn tentacle's attack.
The tentacled starspawn barely misses you.
The tentacled starspawn tentacle-slaps you but does no damage.
You hit the starspawn tentacle.
The starspawn tentacle is severely damaged.
You hit the tentacled starspawn.
The starspawn tentacle barely misses you.
You block the tentacled starspawn's attack. x2
You hit the starspawn tentacle.
You destroy the starspawn tentacle!
You hit the tentacled starspawn. The tentacled starspawn bites you!
You block the tentacled starspawn's attack.
You slash the tentacled starspawn!
The tentacled starspawn is heavily damaged.
The tentacled starspawn barely misses you.
You block the tentacled starspawn's attack.
You scream at the flying skull! 2 flying skulls come into view.
The flying skull gives a hideous shriek!
You hit the tentacled starspawn.
The tentacled starspawn is heavily damaged.
You hear a hideous shriek! x4
You block the tentacled starspawn's attack. x2
You slash the tentacled starspawn!
The tentacled starspawn is severely damaged.
The tentacled starspawn bites you!!
You die...

.#######
........ #~
..... ..~ ....
###.~~. ##
##.###.#..~~~
#...#.X..zz..#~
#....@#.#.#.#
....#.###....#
. #... #....#
###.#.#####
###. .. ..# ##
#.


You could see a tentacled starspawn and 2 flying skulls.

Vanquished Creatures
  A wretched star (Abyss:1)
  Pikel (D:8)
  Joseph (D:9)
  2 komodo dragons (D:8)
  Grinder (D:6)
  Sigmund (D:5)
  4 yaks (D:9)
  Grum (D:9)
  A basilisk (D:8)
  A steam dragon (D:8)
  Edmund (D:5)
  An acid dragon (D:9)
  A swamp drake (D:8)
  A black bear (D:5)
  An orc warrior (D:8)
  3 wolves (D:9)
  3 centaurs
  2 lemures (D:8)
  An elf zombie (Ossuary)
  A bullfrog (D:8)
  A necrophage (D:6)
  A scorpion (D:7)
  5 killer bees (D:7)
  3 howler monkeys (D:8)
  A centaur zombie (Ossuary)
  3 hounds
  3 orc priests
  2 jellies
  2 gnoll boudas (D:6)
  2 iguanas
  10 orc wizards
  2 mummies (Ossuary)
  8 gnolls
  12 adders
  A shadow imp (D:7)
  3 white imps
  An ufetubus (D:5)
  2 adder zombies (Ossuary)
  A dart slug (D:1)
  4 worms
  28 orcs
  3 bats (D:1)
  8 endoplasms
  3 giant cockroaches
  8 goblins
  4 hobgoblins
  2 quokkas
  6 ball pythons
  4 frilled lizards
  A goblin zombie (Ossuary)
  10 hobgoblin zombies (Ossuary)
  2 jackal zombies (Ossuary)
  7 kobolds
  10 kobold zombies (Ossuary)
  7 orc zombies (Ossuary)
  4 rats
  3 rat zombies (Ossuary)
  A spectral orc (D:7)
  A starspawn tentacle (Abyss:1)
208 creatures vanquished.

Vanquished Creatures (others)
  A starspawn tentacle (Abyss:1)
1 creature vanquished.

Grand Total: 209 creatures vanquished

Notes
Turn   | Place    | Note
-------+----------+-------------------------------------------
     0 | D:1      | qw the Gargoyle Fighter began the quest for the Orb.
     0 | D:1      | Reached XP level 1. HP: 14/14 MP: 1/1
     0 | D:1      | 0 ||| qw: Version: 0.2-a-10-g399e6c4
     0 | D:1      | 0 ||| qw: Game counter: 416
     0 | D:1      | 0 ||| qw: Always use a shield: true
     0 | D:1      | 0 ||| qw: God list: Okawaru
     0 | D:1      | 0 ||| qw: Allow faded altars: false
     0 | D:1      | 0 ||| qw: Do Orc after D:15 true
     0 | D:1      | 0 ||| qw: Do second Lair branch before Depths: true
     0 | D:1      | 0 ||| qw: Lair rune preference: random
     0 | D:1      | 0 ||| qw: Plans: Normal, Zot:1-4, God:TSO, Crypt, Tomb,
                  | Pan, Slime:5, Hells, Abyss, Orb
     0 | D:1      | 0 ||| PLANNING D:1-11
    23 | D:1      | Found Utyttiph's Distillery.
    28 | D:1      | 28 ||| SHOPLISTING 2 potions of heal wounds (130 gold, have
                  | 0).
    28 | D:1      | 28 ||| SHOPLISTING potion of attraction (39 gold, have 0).
    28 | D:1      | 28 ||| SHOPLISTING potion of curing (39 gold, have 0).
    28 | D:1      | 28 ||| SHOPLISTING potion of haste (130 gold, have 0).
    28 | D:1      | 28 ||| SHOPLISTING potion of heal wounds (65 gold, have 0).
    28 | D:1      | 28 ||| SHOPLISTING potion of might (52 gold, have 0).
    61 | D:1      | Reached skill level 2 in Axes
   161 | D:1      | Found Motemuff's General Store.
   176 | D:1      | 176 ||| SHOPLISTING +2 pair of boots of stealth (301 gold,
                  | have 56).
   176 | D:1      | 176 ||| BUYING potion of lignification (42 gold).
   176 | D:1      | Bought a potion of lignification for 42 gold pieces
   176 | D:1      | 176 ||| SHOPLISTING scroll of identify (28 gold, have 14).
   185 | D:1      | Reached XP level 2. HP: 13/19 MP: 2/2
   301 | D:1      | Found Beuh's Book Boutique.
   420 | D:1      | 420 ||| Stepping ~*~*~tactically~*~*~ (stealth).
   421 | D:1      | 421 ||| Stepping ~*~*~tactically~*~*~ (stealth).
   463 | D:1      | Found Icilik Upuci's Magic Scroll Shop.
   469 | D:1      | 469 ||| SHOPLISTING scroll of enchant weapon (82 gold, have
                  | 14).
   469 | D:1      | 469 ||| SHOPLISTING scroll of identify (22 gold, have 14).
   725 | D:1      | 725 ||| UPGRADING to +0 chain mail.
   735 | D:1      | 735 ||| DROPPING +0 scale mail.
   736 | D:1      | 736 ||| DROPPING ring of magical power.
   737 | D:1      | 737 ||| READING scroll labelled BYUCLI JIEQIMPAEF.
   738 | D:1      | 738 ||| READING 2 scrolls labelled KUESON PEFALACA.
   739 | D:1      | 739 ||| READING scroll labelled COITRYTAAM.
   740 | D:1      | 740 ||| READING scroll labelled ZUUCU XIGEA.
   799 | D:2      | You fall into a shaft and drop 1 floor!
   799 | D:3      | Found a faded altar of an unknown god.
   805 | D:3      | Identified the +3 rapier "Atam Xelel" {freeze, Will+}
   847 | D:3      | Found the +4 robe of Folly {Brilliance Will-∞ Int+8}
   933 | D:3      | 933 ||| FLEEEEING.
   934 | D:3      | 934 ||| FLEEEEING.
   935 | D:3      | 935 ||| FLEEEEING.
   936 | D:3      | 936 ||| FLEEEEING.
   937 | D:3      | 937 ||| FLEEEEING.
   938 | D:3      | 938 ||| FLEEEEING.
   939 | D:3      | 939 ||| STAIRDANCE
  1057 | D:2      | 1057 ||| DROPPING +0 club.
  1073 | D:2      | Reached skill level 3 in Axes
  1188 | D:2      | Reached XP level 3. HP: 23/23 MP: 3/3
  1782 | D:2      | 1782 ||| Stepping ~*~*~tactically~*~*~ (stealth).
  1809 | D:2      | 1809 ||| FLEEEEING.
  1836 | D:2      | 1836 ||| FLEEEEING.
  1959 | D:2      | 1959 ||| Stepping ~*~*~tactically~*~*~ (stealth).
  2061 | D:2      | 2061 ||| Stepping ~*~*~tactically~*~*~ (stealth).
  2062 | D:2      | 2062 ||| Stepping ~*~*~tactically~*~*~ (stealth).
  2101 | D:2      | Identified the +7 hand axe of the King {vamp, rN++}
  2103 | D:2      | 2103 ||| SWAPPING to +7 hand axe of the King {vamp, rN++}.
  2123 | D:2      | 2123 ||| UPGRADING to scarf of resistance.
  2128 | D:2      | 2128 ||| UPGRADING to ring of willpower.
  2129 | D:2      | 2129 ||| READING scroll labelled JOOFIU TOZIFEX.
  2130 | D:2      | 2130 ||| READING scroll labelled KEMUIH NINK.
  2131 | D:2      | 2131 ||| READING scroll labelled IFUMUVVAHANG.
  2136 | D:2      | 2136 ||| DRINKING 2 smoky orange potions.
  2240 | D:2      | 2240 ||| DROPPING potion of berserk rage.
  2332 | D:3      | 2332 ||| STAIRDANCE
  2368 | D:3      | Reached XP level 4. HP: 27/28 MP: 4/4
  2555 | D:3      | Reached skill level 4 in Axes
  3020 | D:3      | 3020 ||| DROPPING amulet of faith.
  3021 | D:3      | 3021 ||| READING scroll labelled YNABBYGUHA.
  3122 | D:3      | 3122 ||| DRINKING 2 yellow potions.
  3123 | D:3      | 3123 ||| DRINKING 3 dark potions.
  3124 | D:3      | 3124 ||| READING 3 scrolls of identify.
  3124 | D:3      | 3124 ||| IDENTIFYING lumpy brown potion
  3125 | D:3      | 3125 ||| READING 2 scrolls of identify.
  3125 | D:3      | 3125 ||| IDENTIFYING sapphire potion
  3143 | D:4      | 3143 ||| STAIRDANCE
  3239 | D:4      | Reached XP level 5. HP: 31/32 MP: 5/5
  3364 | D:4      | 3364 ||| Stepping ~*~*~tactically~*~*~ (stealth).
  3596 | D:4      | 3596 ||| DROPPING +0 war axe.
  3633 | D:4      | Reached skill level 5 in Axes
  3775 | D:4      | 3775 ||| READING scroll labelled SEUCE GITOCKUA.
  3776 | D:4      | 3776 ||| READING scroll labelled FONNAF APRAEMM.
  3777 | D:4      | 3777 ||| DRINKING 2 lumpy golden potions.
  3778 | D:4      | 3778 ||| DROPPING potion of magic.
  3806 | D:5      | Entered Level 5 of the Dungeon
  3806 | D:5      | Noticed a black bear
  3817 | D:5      | Killed a black bear
  3818 | D:5      | Reached XP level 6. HP: 39/39 MP: 6/6
  3993 | D:5      | 3993 ||| Stepping ~*~*~tactically~*~*~ (stealth).
  4023 | D:5      | 4023 ||| DROPPING +0 whip.
  4089 | D:5      | Found a staircase to the Ecumenical Temple.
  4102 | D:5      | 4102 ||| Stepping ~*~*~tactically~*~*~ (hiding).
  4103 | D:5      | 4103 ||| Stepping ~*~*~tactically~*~*~ (hiding).
  4121 | D:5      | Reached skill level 6 in Axes
  4121 | D:5      | Reached XP level 7. HP: 34/44 MP: 7/7
  4264 | D:5      | Noticed Edmund
  4291 | D:5      | Killed Edmund
  4323 | D:5      | 4323 ||| DROPPING +2 vorpal flail.
  4329 | D:5      | Noticed Sigmund
  4330 | D:5      | 4330 ||| Stepping ~*~*~tactically~*~*~ (hiding).
  4331 | D:5      | 4331 ||| Stepping ~*~*~tactically~*~*~ (hiding).
  4344 | D:5      | Killed Sigmund
  4552 | D:5      | 4552 ||| UPGRADING to +0 plate armour.
  4562 | D:5      | 4562 ||| DROPPING +0 chain mail.
  4563 | D:5      | 4563 ||| READING 5 scrolls of identify.
  4563 | D:5      | 4563 ||| IDENTIFYING fuming cyan potion
  4564 | D:5      | 4564 ||| READING 4 scrolls of identify.
  4564 | D:5      | 4564 ||| IDENTIFYING lumpy pink potion
  4565 | D:5      | 4565 ||| READING 3 scrolls of identify.
  4565 | D:5      | 4565 ||| IDENTIFYING white potion
  4566 | D:5      | 4566 ||| READING 2 scrolls of identify.
  4566 | D:5      | 4566 ||| IDENTIFYING red potion
  4567 | D:5      | 4567 ||| DROPPING potion of ambrosia.
  4568 | D:5      | 4568 ||| DROPPING potion of flight.
  4569 | D:5      | 4569 ||| DROPPING potion of brilliance.
  4570 | D:5      | 4570 ||| DROPPING potion of degeneration.
  4592 | D:6      | 4592 ||| STAIRDANCE
  4600 | D:6      | 4600 ||| STAIRDANCE
  4608 | D:5      | Reached skill level 7 in Axes
  4730 | D:6      | 4730 ||| STAIRDANCE
  4968 | D:6      | 4968 ||| Stepping ~*~*~tactically~*~*~ (hiding).
  4977 | D:6      | Reached XP level 8. HP: 49/49 MP: 8/8
  5116 | D:6      | Noticed Grinder
  5132 | D:6      | Killed Grinder
  5262 | D:6      | 5262 ||| Stepping ~*~*~tactically~*~*~ (stealth).
  5264 | D:6      | 5264 ||| Stepping ~*~*~tactically~*~*~ (hiding).
  5266 | D:6      | 5266 ||| Stepping ~*~*~tactically~*~*~ (hiding).
  5282 | D:6      | Reached skill level 8 in Axes
  5419 | D:6      | 5419 ||| Stepping ~*~*~tactically~*~*~ (stealth).
  5440 | D:6      | 5440 ||| Stepping ~*~*~tactically~*~*~ (stealth).
  5441 | D:6      | 5441 ||| Stepping ~*~*~tactically~*~*~ (stealth).
  5443 | D:6      | 5443 ||| Stepping ~*~*~tactically~*~*~ (hiding).
  5444 | D:6      | 5444 ||| Stepping ~*~*~tactically~*~*~ (hiding).
  5455 | D:6      | Reached skill level 1 in Throwing
  5604 | D:6      | 5604 ||| UPGRADING to +2 kite shield.
  5614 | D:6      | 5614 ||| DROPPING +0 buckler.
  5664 | D:7      | 5664 ||| PLANNING OSSUARY
  5763 | D:7      | 5763 ||| Stepping ~*~*~tactically~*~*~ (hiding).
  5764 | D:7      | 5764 ||| Stepping ~*~*~tactically~*~*~ (hiding).
  5788 | D:7      | 5788 ||| Stepping ~*~*~tactically~*~*~ (stealth).
  5797 | D:7      | Found a sand-covered staircase.
  5798 | D:7      | 5798 ||| Stepping ~*~*~tactically~*~*~ (stealth).
  5818 | D:7      | Reached XP level 9. HP: 43/55 MP: 9/9
  5890 | Ossuary  | Entered an ossuary
  6046 | Ossuary  | Reached skill level 6 in Shields
  6224 | Ossuary  | 6224 ||| READING scroll labelled OFUSME MIGE.
  6237 | D:7      | 6237 ||| PLANNING D:1-11
  6540 | D:7      | 6540 ||| FLEEEEING.
  6541 | D:7      | 6541 ||| FLEEEEING.
  6542 | D:7      | 6542 ||| FLEEEEING.
  6544 | D:7      | 6544 ||| FLEEEEING.
  6545 | D:7      | 6545 ||| FLEEEEING.
  6546 | D:7      | 6546 ||| FLEEEEING.
  6547 | D:7      | 6547 ||| FLEEEEING.
  6551 | D:7      | 6551 ||| FLEEEEING.
  6559 | D:7      | 6559 ||| FLEEEEING.
  6560 | D:7      | 6560 ||| FLEEEEING.
  6561 | D:7      | 6561 ||| FLEEEEING.
  6562 | D:7      | 6562 ||| FLEEEEING.
  6563 | D:7      | 6563 ||| FLEEEEING.
  6564 | D:7      | 6564 ||| FLEEEEING.
  6565 | D:7      | 6565 ||| FLEEEEING.
  6566 | D:7      | 6566 ||| FLEEEEING.
  6567 | D:7      | 6567 ||| FLEEEEING.
  6568 | D:7      | 6568 ||| FLEEEEING.
  6569 | D:7      | 6569 ||| FLEEEEING.
  6575 | D:7      | 6575 ||| FLEEEEING.
  6580 | D:7      | 6580 ||| FLEEEEING.
  6581 | D:7      | 6581 ||| FLEEEEING.
  6582 | D:7      | 6582 ||| FLEEEEING.
  6583 | D:7      | 6583 ||| FLEEEEING.
  6584 | D:7      | 6584 ||| FLEEEEING.
  6585 | D:7      | 6585 ||| FLEEEEING.
  6586 | D:7      | 6586 ||| FLEEEEING.
  6587 | D:7      | 6587 ||| FLEEEEING.
  6594 | D:7      | 6594 ||| FLEEEEING.
  6595 | D:7      | 6595 ||| FLEEEEING.
  6596 | D:7      | 6596 ||| FLEEEEING.
  6597 | D:7      | 6597 ||| FLEEEEING.
  6628 | D:7      | Found a basalt altar of Yredelemnul.
  6759 | D:7      | 6759 ||| READING 9 scrolls of identify.
  6759 | D:7      | 6759 ||| IDENTIFYING fizzy golden potion
  6836 | D:8      | Noticed Pikel
  6837 | D:8      | 6837 ||| Stepping ~*~*~tactically~*~*~ (stealth).
  6839 | D:8      | 6839 ||| Stepping ~*~*~tactically~*~*~ (hiding).
  6863 | D:8      | Killed Pikel
  6926 | D:8      | 6926 ||| Stepping ~*~*~tactically~*~*~ (hiding).
  6952 | D:8      | 6952 ||| Stepping ~*~*~tactically~*~*~ (hiding).
  6959 | D:8      | 6959 ||| Stepping ~*~*~tactically~*~*~ (hiding).
  6967 | D:8      | 6967 ||| Stepping ~*~*~tactically~*~*~ (hiding).
  6985 | D:8      | HP: 14/57 [orc warrior/+0 trident (8)]
  6986 | D:8      | 6986 ||| READING scroll of teleportation.
  6987 | D:8      | 6987 ||| DRINKING 2 potions of heal wounds.
  7357 | D:8      | Noticed a komodo dragon
  7371 | D:8      | Killed a komodo dragon
  7586 | D:8      | Reached skill level 9 in Axes
  7586 | D:8      | Reached XP level 10. HP: 63/63 MP: 10/10
  7681 | D:8      | Found a staircase to the Lair.
  7911 | D:8      | 7911 ||| DRINKING 2 green potions.
  7912 | D:8      | 7912 ||| DROPPING potion of invisibility.
  8069 | D:9      | Noticed Joseph
  8070 | D:9      | 8070 ||| Stepping ~*~*~tactically~*~*~ (hiding).
  8085 | D:9      | Killed Joseph
  8253 | D:9      | 8253 ||| Stepping ~*~*~tactically~*~*~ (hiding).
  8324 | D:9      | Reached skill level 9 in Shields
  8575 | D:9      | Noticed Grum
  8576 | D:9      | 8576 ||| Stepping ~*~*~tactically~*~*~ (hiding).
  8594 | D:9      | Killed Grum
  8604 | D:9      | Reached skill level 10 in Axes
  8642 | D:9      | Noticed Erolcha
  8643 | D:9      | 8643 ||| Stepping ~*~*~tactically~*~*~ (hiding).
  8645 | D:9      | 8645 ||| Stepping ~*~*~tactically~*~*~ (hiding).
  8655 | D:9      | 8655 ||| FLEEEEING.
  8659 | D:9      | 8659 ||| FLEEEEING.
  8660 | D:9      | 8660 ||| FLEEEEING.
  8661 | D:9      | 8661 ||| FLEEEEING.
  8667 | D:9      | 8667 ||| FLEEEEING.
  8668 | D:9      | 8668 ||| FLEEEEING.
  8669 | D:9      | 8669 ||| FLEEEEING.
  8671 | Abyss:1  | Found a corrupted altar of Lugonu.
  8671 | Abyss:1  | Cast into level 1 of the Abyss (Erolcha)
  8672 | Abyss:1  | 8672 ||| UPGRADING to +0 pair of boots.
  8677 | Abyss:1  | 8677 ||| UPGRADING to amulet of reflection.
  8683 | Abyss:1  | Noticed a wretched star
  8707 | Abyss:1  | HP: 12/63 [wretched star/lance of force (18)]
  8708 | Abyss:1  | 8708 ||| READING scroll of teleportation.
  8713 | Abyss:1  | Killed a wretched star
  8714 | Abyss:1  | Reached skill level 6 in Armour
  8717 | Abyss:1  | Noticed a worldbinder
  8787 | Abyss:1  | Noticed a tentacled starspawn
  8790 | Abyss:1  | 8790 ||| Stepping ~*~*~tactically~*~*~ (hiding).
  8801 | Abyss:1  | Mangled by a tentacled starspawn

Levels and vault maps discovered:
D:1:      mrwooster_arrival_statue_3, layout_rooms, serial_shops,
          nicolae_shop_hallway_stairs, nicolae_shop_waterfront,
          nicolae_shop_waterfront, shop, st_stairs_10
D:2:      layout_loops_ring, kennysheep_cross_room
D:3:      layout_basic, dreamdust_ecumenical_altar_angels_and_demons,
          item_on_display_a
D:4:      layout_loops_cross
D:5:      layout_rooms, minmay_temple_entry_glassed_door,
          sigmund_edmund_badplayer
D:6:      layout_basic, uniq_grinder
D:7:      layout_loops_ring, yredelemnul_forgotten_temple_becter,
          enter_ossuary_1
D:8:      layout_basic, erik_lair_dragon, kennysheep_generic_room_7, uniq_pikel
D:9:      layout_grid_maze, serial_shops, nicolae_stop_n_shop_2, uniq_grum,
          uniq_joseph, uniq_erolcha
Abyss:1:  base: D:8, hangedman_eye_storm

Skill      XL: |  1  2  3  4  5  6  7  8  9 10 |
---------------+-------------------------------+-----
Axes           | 2 3 4 5 6 7 8 9 10 | 10.0
Fighting       | 4 5 7 |  7.3
Dodging        | 2 |  2.0
Armour         | 4 6 |  6.8
Throwing       | 1 |  1.3
Shields        | 5 8 9 |  9.1

Action                   |  1- 3 |  4- 6 |  7- 9 | 10-12 || total
-------------------------+-------+-------+-------+-------++-------
Melee: War axe           |   109 |       |       |       ||   109
       Hand axe          |     5 |   110 |   345 |   123 ||   583
Throw: Boomerang         |       |       |    48 |     5 ||    53
  Use: Scroll            |     7 |     5 |     7 |     1 ||    20
       Potion            |     1 |     3 |     1 |     1 ||     6
Armor: Scale mail        |    11 |       |       |       ||    11
       Chain mail        |    50 |    57 |    18 |       ||   125
       Plate armour      |       |       |   196 |    41 ||   237
Dodge: Dodged            |    29 |    23 |    67 |    19 ||   138
Block: Buckler           |    17 |    16 |    13 |       ||    46
       Kite shield       |       |       |    92 |    62 ||   154
       Reflection        |       |       |       |     3 ||     3

Table legend:
 A = Non-vault XP
 B = Vault XP
 C = Vault XP percentage of total XP
 D = Non-vault monster count
 E = Vault monster count
 F = Vault count percentage of total count
                 A         B        C        D         E       F
            +---------+---------+-------+---------+---------+-------
      Total |    4584 |    3526 |  43.5 |     148 |      57 |  27.8
            +---------+---------+-------+---------+---------+-------
        D:1 |      15 |       5 |  25.0 |      10 |       3 |  23.1
        D:2 |      49 |       0 |   0.0 |      16 |       0 |   0.0
        D:3 |      62 |       0 |   0.0 |      16 |       0 |   0.0
        D:4 |     103 |       0 |   0.0 |      16 |       0 |   0.0
        D:5 |     479 |     401 |  45.6 |      24 |       2 |   7.7
        D:6 |     599 |     267 |  30.8 |      17 |       1 |   5.6
        D:7 |     647 |       1 |   0.2 |      23 |       1 |   4.2
        D:8 |     793 |    1608 |  67.0 |      15 |       6 |  28.6
        D:9 |    1072 |    1015 |  48.6 |      10 |       5 |  33.3
    Abyss:1 |     765 |       0 |   0.0 |       1 |       0 |   0.0
    Ossuary |       0 |     229 | 100.0 |       0 |      39 | 100.0
            +---------+---------+-------+---------+---------+-------
